 Dungeon Crawl Stone Soup version 0.29-a0-322-g68df515428 (webtiles) character file.

Game seed: 8721346955072525678

632 wakim the Ducker (level 7, -7/51 HPs)
             Began as a Gnoll Wanderer on Apr 9, 2022.
             Splashed by a jelly's acid (10 damage)
             ... on level 5 of the Dungeon.
             The game lasted 00:18:55 (6536 turns).

wakim the Ducker (Gnoll Wanderer)                   Turns: 6536, Time: 00:18:56

Health: -7/51      AC: -8    Str:  7    XL:     7   Next: 49%
Magic:  11/12      EV: 14    Int: 16    God:
Gold:   193        SH:  0    Dex: 13    Spells: 9/13 levels left

rFire   . . .      SeeInvis .   b - +2 dagger (elec)
rCold   . . .      Faith    +   (no shield)
rNeg    . . .      Spirit   .   e - +1 leather armour
rPois   .          Reflect  .   (no helmet)
rElec   .          Harm     .   (no cloak)
rCorr   .          Rampage  .   K - +2 pair of gloves
Will    .....                   (no boots)
Stlth   ++........              X - amulet of faith
HPRegen 0.17/turn               (no ring)
MPRegen 0.13/turn               (no ring)

@: corroded
A: fangs 1, strong nose, distributed training
a: no special abilities


You were on level 5 of the Dungeon.
You visited 1 branch of the dungeon, and saw 5 of its levels.
You also visited: Sewer.

You collected 193 gold pieces.

Inventory:

Hand Weapons
 a - a +2 dagger of venom
 b - a +2 dagger of electrocution (weapon)
 c - a +1 hand axe of freezing
 B - a +1 vampiric whip
Missiles
 M - 5 boomerangs
 O - 4 throwing nets {=f!f}
Armour
 e - a +1 leather armour (worn)
 K - a +2 pair of gloves (worn)
Magical Staves
 H - a staff of cold
Jewellery
 R - a ring of ice
 X - an amulet of faith (around neck)
Scrolls
 T - 5 scrolls of teleportation
 V - 2 scrolls of vulnerability {!r!r}
 Z - a scroll of silence {!r}
Potions
 A - a potion of haste {unknown}
 C - 2 potions of berserk rage {!q}
 D - a potion of brilliance {unknown}
 F - 3 potions of curing
 G - a potion of flight
 I - a potion of invisibility
 J - a potion of heal wounds
 L - 2 potions of lignification {!q}
 U - a potion of might {unknown}


   Skills:
 + Level 2.5 Fighting
 + Level 2.5 Short Blades
 + Level 2.5 Long Blades
 + Level 2.5 Axes
 + Level 2.5 Maces & Flails
 + Level 2.5 Polearms
 + Level 2.5 Staves
 + Level 2.5 Slings
 + Level 2.5 Bows
 + Level 2.5 Crossbows
 + Level 3.6 Throwing
 + Level 3.6 Armour
 + Level 7.0 Dodging
 + Level 2.5 Stealth
 + Level 2.5 Shields
 + Level 2.5 Unarmed Combat
 + Level 3.8 Spellcasting
 + Level 2.0 Conjurations
 + Level 2.0 Hexes
 + Level 2.0 Summonings
 + Level 2.0 Necromancy
 + Level 2.0 Translocations
 + Level 2.0 Transmutations
 + Level 2.0 Fire Magic
 + Level 2.0 Ice Magic
 + Level 2.0 Air Magic
 + Level 2.0 Earth Magic
 + Level 5.8 Poison Magic
 + Level 2.8 Invocations
 + Level 3.6 Evocations


You had 9 spell levels left.
You knew the following spells:

 Your Spells              Type           Power      Damage    Failure   Level
a - Sting                 Tmut/Pois      60%        1d6       4%          1
f - Mephitic Cloud        Conj/Pois/Air  13%        N/A       19%         3

Your spell library contained the following spells:

 Spells                   Type           Power      Damage    Failure   Level
 Apportation              Tloc           18%        N/A       11%         1
 Fulminant Prism          Conj/Hex       4%         3d6       71%         4
 Iskenderun's Mystic Bla  Conj/Tloc      9%         2d4       71%         4
 Alistair's Intoxication  Tmut/Pois      10%        N/A       80%         5
 Lee's Rapid Deconstruct  Erth           4%         3d6*      96%         5


Dungeon Overview and Level Annotations

Branches:
Dungeon (5/15)              Sewer (visited)
 Temple: D:4-7

Altars:
Dithmenos
Okawaru
The Shining One

Annotations:
D:3 Ijyb


Innate Abilities, Weirdness & Mutations

You have very sharp teeth.
Your uncanny sense of smell can sniff out nearby items.
Your experience applies equally to all skills.


Message History

Press: ? - help, Shift-Dir - straight line, f - jelly
Aim: a jelly (100% to hit)
The sting hits the jelly.
The jelly is poisoned.
The jelly is lightly wounded.
Casting: Sting (safe; 4% risk of failure)
Confirm with . or Enter, or press ? or * to list all spells.
Aiming: Sting (safe; 4% risk of failure)
Press: ? - help, Shift-Dir - straight line, f/p - jelly
Aim: a jelly (lightly wounded, poisoned, 100% to hit)
The sting hits the jelly.
The jelly partially resists.
The jelly looks even sicker.
The jelly is moderately wounded.
You hit the jelly.
Your hands burn!
The jelly is severely wounded.
The jelly hits you but does no damage. 46/51 (-5)
You hit the jelly but do no damage.
Your hands burn!
The jelly is severely wounded.
The jelly hits you. The acid corrodes you!
You are splashed with acid! 34/51 (-12) Unknown command.
You hit the jelly.
Your hands burn!
The jelly is almost dead.
The jelly hits you. The acid corrodes you!
You are splashed with acid!
* * * LOW HITPOINT WARNING * * *
18/51 (-16)
You hit the jelly but do no damage. The acid corrodes you!
Your hands burn!
* * * LOW HITPOINT WARNING * * *
Your bite misses the jelly.
The jelly is almost dead.
The jelly hits you.
* * * LOW HITPOINT WARNING * * *
The acid corrodes you!
You are splashed with acid!
* * * LOW HITPOINT WARNING * * *
6/51 (-12) Unknown command.
The jelly attacks as you move away! The jelly hits you.
* * * LOW HITPOINT WARNING * * *
You are splashed with acid!
You die...

##.#######..##..#.#
...............##[.#..
.. #......######.....
..##.####.### ##.### ∆
..#.##.....# #..
.......#.#.# #####
#.#.####.#..#
#.#.####.# .#
###.#@.....# .#
#†..J.###### # #.....#
#........S #......###
#......# ...####.#
#.#. .# #.#. .#


You could see a jelly (poisoned).

Vanquished Creatures
  An ogre (D:5)
  A black bear (D:4)
  A scorpion (D:4)
  A jelly (D:4)
  Natasha (thrice) (D:2)
  A hell rat (Sewer)
  4 gnolls
  7 adders
  4 river rats
  A white imp (D:4)
  An ufetubus (D:3)
  A worm (D:4)
  3 dart slugs
  4 orcs
  9 bats
  14 endoplasms
  6 giant cockroaches
  9 goblins
  7 hobgoblins
  9 kobolds
  9 quokkas
  6 ball pythons
  2 frilled lizards
  11 rats
115 creatures vanquished.

Vanquished Creatures (others)
  A plant (D:4)
1 creature vanquished.

Grand Total: 116 creatures vanquished

Notes
Turn   | Place    | Note
-------+----------+-------------------------------------------
     0 | D:1      | wakim the Gnoll Wanderer began the quest for the Orb.
     0 | D:1      | wakim set off with the following items: a +0 dagger, 4
                  | throwing nets {=f!f}, a +0 leather armour, a scroll of
                  | vulnerability {!r!r}, a scroll of silence {!r}; and the
                  | following spell memorised: Sting; and the following spells
                  | available to memorise: Mephitic Cloud
     0 | D:1      | Reached XP level 1. HP: 13/13 MP: 4/4
    65 | D:1      | Reached XP level 2. HP: 19/19 MP: 2/5
    65 | D:1      | !bestwep
   626 | D:1      | Found a faded altar of an unknown god.
   638 | D:1      | Reached XP level 3. HP: 25/25 MP: 1/7
  1436 | D:1      | Learned a level 3 spell: Mephitic Cloud
  1441 | D:2      | Reached skill level 1 in Invocations
  1761 | D:2      | Reached skill level 1 in Fighting
  1761 | D:2      | Reached skill level 1 in Short Blades
  1761 | D:2      | Reached skill level 1 in Long Blades
  1761 | D:2      | Reached skill level 1 in Axes
  1761 | D:2      | Reached skill level 1 in Maces & Flails
  1761 | D:2      | Reached skill level 1 in Polearms
  1761 | D:2      | Reached skill level 1 in Staves
  1761 | D:2      | Reached skill level 1 in Slings
  1761 | D:2      | Reached skill level 1 in Bows
  1761 | D:2      | Reached skill level 1 in Crossbows
  1761 | D:2      | Reached skill level 1 in Stealth
  1761 | D:2      | Reached skill level 1 in Shields
  1761 | D:2      | Reached skill level 1 in Unarmed Combat
  2271 | D:2      | Reached XP level 4. HP: 32/32 MP: 5/8
  2309 | D:2      | !bestwep
  2874 | D:2      | Noticed Natasha
  2887 | D:2      | Killed Natasha
  2888 | D:2      | Reached skill level 1 in Conjurations
  2888 | D:2      | Reached skill level 1 in Hexes
  2888 | D:2      | Reached skill level 1 in Summonings
  2888 | D:2      | Reached skill level 1 in Necromancy
  2888 | D:2      | Reached skill level 1 in Translocations
  2888 | D:2      | Reached skill level 1 in Transmutations
  2888 | D:2      | Reached skill level 1 in Fire Magic
  2888 | D:2      | Reached skill level 1 in Ice Magic
  2888 | D:2      | Reached skill level 1 in Air Magic
  2888 | D:2      | Reached skill level 1 in Earth Magic
  2993 | D:2      | Reached XP level 5. HP: 37/37 MP: 4/9
  2996 | D:2      | !bestwep
  3084 | D:2      | Noticed Natasha
  3090 | D:2      | Killed Natasha
  3274 | D:2      | Noticed Natasha
  3279 | D:2      | Killed Natasha
  3420 | D:3      | Noticed Ijyb
  3699 | D:3      | Found a shadowy altar of Dithmenos.
  3777 | D:3      | Found a glowing drain.
  3803 | Sewer    | Entered a sewer
  3975 | Sewer    | Reached XP level 6. HP: 44/44 MP: 8/10
  4172 | D:3      | Found an iron altar of Okawaru.
  4254 | D:2      | !bestwep
  5159 | D:4      | !bestwep
  5234 | D:4      | Noticed a black bear
  5273 | D:4      | Killed a black bear
  5342 | D:4      | Reached XP level 7. HP: 50/50 MP: 4/12
  5534 | D:4      | Found a glowing golden altar of the Shining One.
  5733 | D:4      | !bestwep
  5775 | D:4      | !bestwep
  5882 | D:4      | Reached skill level 7 in Dodging
  6235 | D:5      | Entered Level 5 of the Dungeon
  6302 | D:5      | Identified a scroll of acquirement
  6302 | D:5      | Acquired a book of Blasting
  6536 | D:5      | Splashed by a jelly's acid

Illustrated notes ###..... #...... #...... ###..... #####..?..+ #.........+ #.##......# ##### #....@..).##### ##≈≈≈≈ #..#..........# #÷≈≈≈≈ #(....#+###....# #○≈#≈○ #.###. #...†# #≈≈≈≈≈ .. #....# #≈≈≈≈≈ ##. ##....######## #. +........'.... #. ##......###### #####.##≈≈≈≈≈ Turn 65 on D:1: !bestwep ####### #.....# ########.....########### ................@....... .............####'###### #............# ... #.#####......# ...# #.#####......# ...# #..#.....<...# ...# ##.#.###.....# S### ##.#.###.....# .# ........)....# Turn 2309 on D:2: !bestwep

.##.##......##.#..#####.#
#.....#
.##.##.[....##.#.....<#.#
#.....#
....###.######.#....###.#
#...... ....# #.##
#.#..#.# #.# #......
..#.# #..# #.#..#.# #.#
#...... ###.# ##.#
#....#.###.# ####### #
#.# #.## ###.##.....# #
###'####..# #.######## #
.......##.# #@# #
.......##.## #.# #
.......##..# #.# #
.......###.## #.# #
.......# #†.##..........
# .......#
##.##.......... #
.......####.##.......K..
#
..........#.##..........
..........#.##..........


Turn 2996 on D:2: !bestwep ######................ #.........##..........
###.####.#..##.#####.... #...# #.#..##.#####.... #.### #....##..#.....<. #.####
#.#...##.#.###... #....# #.###.##.#.###... ####'###>............)..
#.....@.##....##.##.... #.....#.##.##.##.##.[.. #.....#.##.##....###.##
#.....#....##....# #.## #.....######...#.# #..# #.....# #.###.# ##.# #.....#
###.# #.# #.# #.....# #...###'####.. #.....# #..........##. Turn 4254 on D:2:
!bestwep .^ ##.........##### .. #........#..## . ##....)...#...#######.
###..................... ##................###### #................##
........(........# .#...............## ##..............@.# ##...............#
##..............# ##.............# #............# ##..........# # #........# #
##!....... # Turn 5159 on D:4: !bestwep ...## #...........(...... .###
######....#............. ## #######.......###............. .###.........##..#
##............ ......###....##..# ##........... ..######....###..# ##..........
.## #.....# #..## ##......... .# #.....# ##..# ###....... ## #....## #@.#
###..... # #!..## #..# ##.... # #.### ##.# ##### # ## .. # ... ## #... .# ....
.# ..>.w .# Turn 5733 on D:4: !bestwep #...##..##...............#
#....##..................## #....###..............#...# #....#
##..#.........##...# #....# ##.##.......###...## #....# #.##..[....# ##...#
##...# ##.##.....## #...# #...# #.##....## #...## #..## #.@###### #....# #..#
##.# ##....# #..# #.## #..>... #.## ##.### #...(.. ### ###....# #......
##......## #.....# ###........# #....## ##..........## #...## ##............#
#...# Turn 5775 on D:4: !bestwep

Levels and vault maps discovered:
D:1:      saegor_arrival_miasma, layout_basic, ebering_ecumenical_altar_webs
D:2:      kennysheep_the_goblin_king, layout_basic, uniq_natasha
D:3:      layout_basic, okawaru_metal_pillars_1_2,
          nicolae_dithmenos_through_a_glass_darkly, gup_sewer_entry_bubbles,
          uniq_ijyb
D:4:      layout_cave_pods, tso_oasis_becter
D:5:      layout_loops_cross, serial_glass, glass_columns_a, glass_columns_c,
          guppyfry_early_orc_mine, uniq_crazy_yiuf_cottage, uniq_edmund,
          uniq_pikel

Skill      XL: |  1  2  3  4  5  6  7 |
---------------+----------------------+-----
Invocations    | 1 2 |  2.8
Fighting       | 1 2 |  2.5
Short Blades   | 1 2 |  2.5
Long Blades    | 1 2 |  2.5
Axes           | 1 2 |  2.5
Maces & Flails | 1 2 |  2.5
Polearms       | 1 2 |  2.5
Staves         | 1 2 |  2.5
Slings         | 1 2 |  2.5
Bows           | 1 2 |  2.5
Crossbows      | 1 2 |  2.5
Stealth        | 1 2 |  2.5
Shields        | 1 2 |  2.5
Unarmed Combat | 1 2 |  2.5
Spellcasting   | 3 |  3.8
Conjurations   | 1 2 |  2.0
Hexes          | 1 2 |  2.0
Summonings     | 1 2 |  2.0
Necromancy     | 1 2 |  2.0
Translocations | 1 2 |  2.0
Transmutations | 1 2 |  2.0
Fire Magic     | 1 2 |  2.0
Ice Magic      | 1 2 |  2.0
Air Magic      | 1 2 |  2.0
Earth Magic    | 1 2 |  2.0
Throwing       | 3 |  3.6
Armour         | 3 |  3.6
Evocations     | 3 |  3.6
Dodging        | 7 |  7.0
Poison Magic   | |  5.8

Action                   |  1- 3 |  4- 6 |  7- 9 || total
-------------------------+-------+-------+-------++-------
Melee: Dagger            |     2 |    78 |    42 ||   122
       Whip              |    74 |    19 |       ||    93
       Bite              |     3 |     8 |     4 ||    15
       Punch             |       |       |     1 ||     1
Throw: Stone             |     4 |       |       ||     4
 Cast: Sting             |    55 |   108 |    15 ||   178
       Mephitic Cloud    |       |     3 |     2 ||     5
  Use: Potion            |     1 |       |       ||     1
       Scroll            |       |     7 |     7 ||    14
 Stab: Sleeping          |       |     1 |     1 ||     2
Armor: Leather armour    |    21 |    28 |     5 ||    54
       Skin              |     1 |       |       ||     1
Dodge: Dodged            |    62 |   116 |    18 ||   196

Table legend: (Time is in decaauts)
 A = Elapsed time spent in this place.
 B = Non-inter-level travel time spent in this place.
 C = Inter-level travel time spent in this place.
 D = Time resting spent in this place.
 E = Time spent auto-exploring this place.
 F = Levels seen in this place.
 G = Mean time per level.
                   A        B        C        D        E       F      G
               +--------+--------+--------+--------+--------+-----+--------+
         Total |   6577 |   6202 |    375 |    506 |   4321 |   6 | 1096.2 |
       Dungeon |   6283 |   5908 |    375 |    406 |   4224 |   5 | 1256.6 |
         Sewer |    293 |    293 |      0 |    100 |     97 |   1 |  293.0 |
               +--------+--------+--------+--------+--------+-----+--------+

Top non-repeatable levels by time:
     D:2: 2044 daAuts
     D:4: 1461 daAuts
     D:1: 1432 daAuts
     D:3: 1094 daAuts
   Sewer: 293 daAuts
     D:5: 251 daAuts
